 Dungeon Crawl Stone Soup version 0.31-a0-232-gb1c03b2570 (webtiles) character file.

Game seed: 14686868552307887698

39 qw the Shooter (level 3, -2/21 HPs)
             Began as a Gargoyle Hexslinger on July 6, 2023.
             Slain by a gnoll
             ... wielding a +0 halberd
              (4 damage)
             ... on level 2 of the Dungeon.
             The game lasted 00:00:21 (622 turns).

qw the Shooter (Gargoyle Hexslinger)                 Turns: 622, Time: 00:00:22

Health: -2/21      AC:  5    Str: 11    XL:     3   Next: 45%
Magic:  4/4        EV: 12    Int: 13    God:
Gold:   74         SH:  0    Dex: 14    Spells: 3/4 levels left

rFire   . . .        Y - +2 sling
rCold   . . .        (no shield)
rNeg    + . .        c - +0 robe
rPois   inf          (no helmet)
rElec   +            (no cloak)
rCorr   .            (no gloves)
SInv    .            (no boots)
Will    .....        (no amulet)
Stlth   +            (no ring)
HPRegen 0.23/turn    (no ring)
MPRegen 0.09/turn

%: no passive effects
@: no status effects
A: sickness immunity, AC +3, negative energy resistance 1, electricity
resistance, torment resistance 1, petrification resistance
a: no special abilities


You were on level 2 of the Dungeon.
You visited 1 branch of the dungeon, and saw 2 of its levels.

You collected 74 gold pieces.


Innate Abilities, Weirdness & Mutations

You are immune to sickness and miasma.
Your stone body is resilient. (AC +3)
You are immune to poison.
You resist negative energy. (rN+)
You are resistant to electric shocks. (rElec)
You are resistant to unholy torment.
You are immune to petrification.


   Skills:
 - Level 2.0 Fighting
 + Level 3.3 Ranged Weapons
 - Level 1.5 Dodging
 - Level 1.0 Spellcasting
 - Level 2.6 Hexes


You had 3 spell levels left.
You knew the following spells:

 Your Spells              Type           Power      Damage    Failure   Level
a - Slow                  Hex            28%        N/A       10%         1

Your spell library contained the following spells:

 Spells                   Type           Power      Damage    Failure   Level
 Inner Flame              Hex/Fire       4%         N/A       43%         3
 Portal Projectile        Hex/Tloc       8%         N/A       43%         3
 Cause Fear               Hex            3%         N/A       67%         4

Inventory:

Hand Weapons
 Y - a +2 sling (weapon)
Armour
 b - a +0 ring mail
 c - a +0 robe (worn)
Scrolls
 a - a scroll of identify {unknown}
Potions
 d - a potion of lignification {unknown}
 e - a potion of heal wounds {unknown}

Dungeon Overview and Level Annotations

Branches:
Dungeon (2/15)

Altars:

Shops:
D:1 ?


Message History

Found a club.
Found a stone staircase leading down.
You see here a +0 club.
Found a club.
Found an escape hatch in the floor.
Enter note: You now have 74 gold pieces (gained 11). 2 gnolls come into view.
Found 7 gold pieces.
The gnoll shouts!
The gnoll throws a throwing net.
The throwing net barely misses you.
You see here a throwing net.
Enter note: You shoot a sling bullet.
The sling bullet hits the gnoll.
The gnoll is moderately wounded.
A gnoll comes into view. It is wielding a +0 halberd.
You shoot a sling bullet. The gnoll shouts!
The sling bullet hits the gnoll.
The gnoll is moderately wounded.
An adder comes into view.
You shoot a sling bullet. The sling bullet hits the gnoll.
The gnoll is severely wounded.
A gnoll comes into view. It is wielding a +0 flail.
You shoot a sling bullet. The sling bullet hits the gnoll.
You kill the gnoll!
The gnoll throws a stone.
The stone hits you.
You shoot a sling bullet.
The sling bullet hits the gnoll but does no damage.
The gnoll barely misses you.
You shoot a sling bullet. The sling bullet hits the gnoll!
The gnoll is heavily wounded.
The gnoll hits you from afar with a +0 halberd!
The gnoll hits you from afar with a +0 halberd.
You shoot a sling bullet.
The sling bullet barely misses the adder.
The sling bullet hits the gnoll!
The gnoll is heavily wounded.
The adder bites you. The gnoll barely misses you.
The gnoll hits you from afar with a +0 halberd.
You die...

## ##### #?####
#...## #......
##....#######..#....
##......##...........
#...##..##......g....
#..###...).....g.....
#..# #.###...........
##.##
#.>.....@Sg.....
###.)#
####............
....## ##.#.........
.##.# #...........
.#..# #........#..
...## ..........#.
..## ##...........
.###### #.......).>$
....... #.........#


You could see 3 gnolls and an adder.

Vanquished Creatures
  A gnoll (D:2)
  An endoplasm (D:1)
  3 giant cockroaches (D:1)
  2 hobgoblins (D:1)
  2 jackals (D:1)
  6 kobolds
  3 quokkas
  5 ball pythons (D:1)
  3 frilled lizards
  2 rats (D:1)
28 creatures vanquished.

Notes
Turn   | Place    | Note
-------+----------+-------------------------------------------
     0 | D:1      | qw the Gargoyle Hexslinger began the quest for the Orb.
     0 | D:1      | Reached XP level 1. HP: 12/12 MP: 2/2
     0 | D:1      | 0 ||| qw: Version: 0.3-a-46-gb1f654a
     0 | D:1      | 0 ||| qw: Game counter: 2044
     0 | D:1      | 0 ||| qw: Melee chars always use a shield: true
     0 | D:1      | 0 ||| qw: God list: Okawaru
     0 | D:1      | 0 ||| qw: Allow faded altars: false
     0 | D:1      | 0 ||| qw: Do Orc after clearing Dungeon:15 true
     0 | D:1      | 0 ||| qw: Do second Lair branch before Depths: true
     0 | D:1      | 0 ||| qw: Lair rune preference: random
     0 | D:1      | 0 ||| qw: Goals: Normal
     0 | D:1      | 0 ||| PLANNING D:1-11
    43 | D:1      | Reached XP level 2. HP: 16/16 MP: 3/3
    95 | D:1      | Reached skill level 3 in Ranged Weapons
   136 | D:1      | Found Ydwareyk's Magic Scroll Shoppe.
   144 | D:1      | 144 ||| SHOPLISTING scroll of identify (24 gold, have 9).
   144 | D:1      | 144 ||| SHOPLISTING scroll of teleportation (36 gold, have
                  | 9).
   284 | D:1      | Reached XP level 3. HP: 21/21 MP: 4/4
   419 | D:1      | 419 ||| READING 2 scrolls labelled SIEMOI BARULEI.
   520 | D:1      | 520 ||| READING scroll labelled ZEOWI VIC KANG.
   521 | D:1      | 521 ||| READING scroll labelled AWETRU UWAETHRE.
   522 | D:1      | 522 ||| READING scroll labelled ZYTIUCR DIMA.
   523 | D:1      | 523 ||| DROPPING scroll of silence.
   524 | D:1      | 524 ||| DROPPING scroll of poison.
   621 | D:2      | HP: 3/21 [gnoll/+0 halberd (3)]
   622 | D:2      | Slain by a gnoll

Levels and vault maps discovered:
D:1:      scummos_arrival_forest, layout_rooms, serial_shops,
          nicolae_square_shop
D:2:      layout_rooms, glass_columns_c

Skill      XL: |  1  2 |
---------------+-------+-----
Ranged Weapons | 3 |  3.3
Fighting       | 2 |  2.0
Dodging        | |  1.5
Spellcasting   | |  1.0
Hexes          | |  2.6

Action                     || total
---------------------------++-------
   Fire: Sling             ||    90
    Use: Scroll            ||     4
 Armour: Robe              ||     8
  Dodge: Dodged            ||    28

Table legend:
 A = Non-vault XP
 B = Vault XP
 C = Vault XP percentage of total XP
 D = Non-vault monster count
 E = Vault monster count
 F = Vault count percentage of total count
                 A         B        C        D         E       F
            +---------+---------+-------+---------+---------+-------
      Total |      56 |       0 |   0.0 |      28 |       0 |   0.0
            +---------+---------+-------+---------+---------+-------
        D:1 |      37 |       0 |   0.0 |      23 |       0 |   0.0
        D:2 |      19 |       0 |   0.0 |       5 |       0 |   0.0
            +---------+---------+-------+---------+---------+-------
